 Dungeon Crawl Stone Soup version 0.16.1-2-g95b8d4c (webtiles) character file.

1211 Chiseanne the Nimble (level 8, -2/38 HPs)
             Began as a Felid Chaos Knight on Mar 26, 2015.
             Killed from afar by an orc wizard (3 damage)
             ... with a magic dart
             ... on level 5 of the Dungeon.
             The game lasted 00:33:44 (10499 turns).

Chiseanne the Nimble (Felid Chaos Knight)          Turns: 10499, Time: 00:33:44

Health: -2/38      AC:  2    Str:  8    XL:     8   Next: 22%
Magic:  13/13      EV: 29    Int: 13    God:    Xom [.*....]
Gold:   304        SH:  0    Dex: 18    Spells: 0 memorised, 7 levels left
                                        Lives:  0   Deaths: 2

rFire  . . .     SeeInvis +       - Unarmed
rCold  . . .     Clarity  .     (armour unavailable)
rNeg   + . .     SustAb   .     (shield unavailable)
rPois  .         Gourm    .     (helmet unavailable)
rElec  .         Spirit   .     (cloak unavailable)
rCorr  .         Warding  +     (gloves unavailable)
rMut   .         Stasis   .     (boots unavailable)
MR     +....                    h - amulet of warding
Stlth  ++........               (no ring)
                                (no ring)

@: quick, somewhat resistant to hostile enchantments, unstealthy
A: paw claws, no armour, no weapons or thrown items, fangs 3, horns 1, see
invisible, carnivore 3, speed 1, shaggy fur 2, slow metabolism 1, sharp paws
a: Renounce Religion


You were on level 5 of the Dungeon.
You worshipped Xom.
You were a plaything of Xom.
You were completely stuffed.

You visited 1 branch of the dungeon, and saw 7 of its levels.

You collected 304 gold pieces.

Inventory:

Jewellery
 h - an amulet of warding (around neck)
Scrolls
 b - 4 scrolls of remove curse
 f - a scroll of magic mapping
 i - a scroll of amnesia
Potions
 a - a potion of curing
 l - 2 potions of restore abilities
Books
 g - a book of Fire

   Spells                             Type                      Level
   a - Ignite Poison                  Fire/Transmutation           5
   b - Fireball                       Conjuration/Fire             5
   c - Bolt of Fire                   Conjuration/Fire             6
   d - Delayed Fireball               Conjuration/Fire             7
   e - Ring of Flames                 Charms/Fire                  7
Miscellaneous
 e - a lamp of fire (inert) {god gift}
Comestibles
 c - 5 meat rations
 d - a royal jelly


   Skills:
 - Level 5.9 Fighting
 * Level 12.6 Dodging
 * Level 3.6 Unarmed Combat


You had 7 spell levels left.
You didn't know any spells.

Dungeon Overview and Level Annotations

Branches:
Dungeon (7/15)             Temple (0/1) D:5

Altars:
Nemelex Xobeh
Okawaru
Ru
Sif Muna
Xom

Annotations:
D:6 ImaNewbie's ghost, experienced TrCK


Innate Abilities, Weirdness & Mutations

You cannot wear armour.
You are incapable of wielding weapons or throwing items.
You have razor-sharp teeth.
You have supernaturally acute eyesight.
You are carnivorous and can eat meat at any time.
You cover ground quickly.
You are covered in thick fur (AC +2).
You have a slow metabolism.
Your paws have sharp claws that are effective at stabbing.
You have a pair of small horns on your head.


Message History

You feel better.
Your crimson imp hits the orc priest but does no damage.
The orc priest's eyes start to glow.
Your crimson imp hits the orc priest but does no damage.
The orc priest hits your crimson imp with a mace.
The orc wizard mumbles some strange words.
The orc wizard seems to speed up.
The orc wizard gestures at you while chanting.
The puff of frost hits you!
* * * LOW HITPOINT WARNING * * *
There is an open door here.
A kobold comes into view. It is wielding a dagger.
The orc wizard points at you and mumbles some strange words.
The puff of frost hits you!
* * * LOW HITPOINT WARNING * * *
A shower of butterflies erupts from you!
The orc wizard gestures at you while chanting.
The magic dart hits you!
You die...
Xom laughs nastily!

#...##...###..##..####.##..#
#...##...###..##..####.##..#
#...#.....b.................
#...'o.....................#
#..(#.......)...............
##+###..b##.K.##....####.#.#
#...##..o##.b.###o####......
#.....b.......#.......o#.#.#
#...)......@..'......o.Z....
#.......b.....#......#.o..o.
#.............#......o.#....
##################.#.#..(oo#
........... .#.#.#...#.
....#..... #.# #.


You could see an orc priest, an orc wizard and a kobold.

Vanquished Creatures
  An ice beast (D:6)
  2 ogres (D:4)
  A phantom (D:6)
  A necrophage (D:6)
  A sky beast (D:7)
  A centaur (D:5)
  A giant frog (D:6)
  A killer bee (D:7)
  3 jellies (D:5)
  A wight (D:6)
  2 crimson imps (D:6)
  A giant frog zombie (D:5)
  A goliath beetle (D:6)
  2 quasits (D:6)
  A hound (D:6)
  A centaur zombie (D:7)
  A giant frog skeleton (D:6)
  2 worker ants (D:4)
  An iguana (D:4)
  A worker ant zombie (D:5)
  9 adders
  8 gnolls
  A river rat (D:5)
  A shadow imp (D:5)
  2 worms (D:3)
  9 giant geckos
  3 oozes
  4 orcs
  17 bats
  A bat skeleton (D:5)
  7 giant cockroaches
  7 goblins
  8 hobgoblins
  15 jackals
  A quokka (D:4)
  3 ball pythons
  A giant gecko skeleton (D:6)
  5 giant newts
  A jackal zombie (D:7)
  14 kobolds
  15 rats
158 creatures vanquished.

Vanquished Creatures (collateral kills)
  An ogre (D:5)
  2 wights (D:6)
  A worker ant (D:4)
  An adder (D:2)
  A gnoll (D:1)
  A hobgoblin (D:6)
  A ball python (D:2)
  A kobold (D:6)
  A rat (D:4)
10 creatures vanquished.

Vanquished Creatures (others)
  2 iron imps
  A quasit (D:5)
  A shadow imp (D:4)
  A white imp (D:4)
  3 butterflies (D:4)
8 creatures vanquished.

Grand Total: 176 creatures vanquished

Notes
Turn   | Place    | Note
--------------------------------------------------------------
     0 | D:1      | Chiseanne, the Felid Chaos Knight, began the quest for the Orb.
     0 | D:1      | Reached XP level 1. HP: 10/10 MP: 2/2
    50 | D:1      | XOM: harmless Conj miscast
   253 | D:1      | XOM: god gift: 13 gold pieces
   313 | D:1      | Reached XP level 2. HP: 12/14 MP: 3/3
   959 | D:1      | XOM: give mutations
   959 | D:1      | Gained mutation: Your mind is acute. (Int +2) [Xom's grace]
   959 | D:1      | Gained mutation: Your flesh is heat resistant. [Xom's grace]
  1130 | D:1      | XOM: vitrification
  1279 | D:1      | XOM: vitrification
  1361 | D:1      | Reached XP level 3. HP: 15/18 MP: 5/5
  1399 | D:1      | XOM: summons friendly shadow imp
  1409 | D:1      | Reached skill level 4 in Dodging
  2046 | D:2      | XOM is BORED!
  2046 | D:2      | XOM: summons 1 hostile demon
  2508 | D:2      | XOM: give mutation
  2508 | D:2      | Gained mutation: You are covered in thick fur (AC +2). [Xom's grace]
  2598 | D:2      | XOM: cast spell 'Spider Form'
  2865 | D:2      | Reached skill level 5 in Dodging
  3247 | D:2      | Reached XP level 4. HP: 20/22 MP: 7/7
  3472 | D:2      | XOM: scenery: 1 doors close
  3567 | D:2      | XOM: god gift: lamp of fire {god gift}
  3764 | D:3      | XOM: vitrification
  3790 | D:3      | XOM: scenery: 2 doors open
  4196 | D:3      | XOM: cast spell 'Summon Butterflies'
  4218 | D:3      | XOM: polymorph butterfly -> killer bee
  4435 | D:3      | Reached skill level 6 in Dodging
  4807 | D:3      | Reached XP level 5. HP: 25/25 MP: 8/8
  4835 | D:3      | XOM: enchant monster (good)
  4951 | D:3      | XOM: colour smoke trail
  5086 | D:3      | XOM: silly message
  5313 | D:3      | XOM: harmless Divn miscast
  5596 | D:4      | Reached skill level 7 in Dodging
  5778 | D:4      | Found a sacrificial altar of Ru.
  5778 | D:4      | Found a deep blue altar of Sif Muna.
  5814 | D:4      | Found an iron altar of Okawaru.
  5834 | D:4      | Noticed an ogre
  5870 | D:4      | XOM: enchant monster (bad)
  5874 | D:4      | Killed an ogre
  5874 | D:4      | Gained mutation: Your thick and shaggy fur keeps you warm (AC +3, rC+). [growing up]
  5874 | D:4      | Reached XP level 6. HP: 28/28 MP: 10/10
  5875 | D:4      | XOM: potion effect (might)
  5955 | D:4      | Reached skill level 8 in Dodging
  6000 | D:4      | Noticed an ogre
  6022 | D:4      | Killed an ogre
  6134 | D:4      | XOM: harmless Necr miscast
  6241 | D:4      | XOM: confuse monster(s)
  6247 | D:5      | Entered Level 5 of the Dungeon
  6253 | D:5      | XOM: harmless Fire miscast
  6256 | D:5      | XOM: enchant monster (good)
  6266 | D:5      | Found a staircase to the Ecumenical Temple.
  6280 | D:5      | XOM: enchant monster (bad)
  6283 | D:5      | XOM: divination: magic mapping
  6309 | D:6      | Slain by a giant frog
  6310 | D:6      | Reached XP level 5. HP: -2/25 MP: 8/8
  6346 | D:5      | Reached skill level 9 in Dodging
  6346 | D:5      | Reached XP level 6. HP: 12/29 MP: 10/10
  6428 | D:5      | XOM: butterfly on damage
  6661 | D:5      | Reached skill level 5 in Fighting
  6904 | D:4      | Reached XP level 7. HP: 26/33 MP: 12/12
  7229 | D:4      | XOM: mild Air miscast
  7266 | D:4      | XOM: butterfly on damage
  7270 | D:4      | XOM: summons 3 friendly demons
  7275 | D:4      | XOM: vitrification
  7299 | D:4      | Lost mutation: Your mind is acute. (Int +2) [potion of cure mutation]
  7299 | D:4      | Lost mutation: Your flesh is heat resistant. [potion of cure mutation]
  7299 | D:4      | Lost mutation: Your thick and shaggy fur keeps you warm (AC +3, rC+). [potion of cure mutation]
  7307 | D:4      | Slain by a centaur
  7308 | D:4      | Reached XP level 6. HP: -1/30 MP: 10/10
  7345 | D:5      | HP: 1/30 [acid (2)]
  7347 | D:5      | XOM: polymorph gnoll shaman -> river rat
  7360 | D:5      | XOM: harmless Ice miscast
  7508 | D:4      | XOM: divination: detect creatures
  7604 | D:4      | XOM: god gift: shiny plate armour {god gift}
  7640 | D:5      | XOM: divination: magic mapping
  7659 | D:4      | XOM: mild Pois miscast
  7798 | D:4      | Reached skill level 10 in Dodging
  7955 | D:4      | XOM: harmless Tloc miscast
  8112 | D:6      | XOM: divination: detect items
  8114 | D:6      | XOM: confuse monster(s)
  8138 | D:6      | XOM: harmless Air miscast
  8368 | D:6      | XOM: cast spell 'Stoneskin'
  8402 | D:6      | XOM: smoke on damage
  8632 | D:6      | XOM: harmless Air miscast
  8653 | D:6      | XOM: confuse monster(s)
  8673 | D:6      | XOM: harmless Conj miscast
  8680 | D:6      | XOM: harmless Ice miscast
  8684 | D:6      | XOM: divination: magic mapping
  8836 | D:6      | XOM: confuse monster(s)
  8862 | D:6      | Reached XP level 7. HP: 30/33 MP: 12/12
  8963 | D:6      | Found an iron altar of Okawaru.
  8966 | D:6      | Found a shimmering altar of Xom.
  8969 | D:6      | Found a sparkling altar of Nemelex Xobeh.
  8982 | D:6      | Noticed ImaNewbie's ghost (experienced TrCK)
  8989 | D:6      | XOM: cast spell 'Blink'
  8995 | D:6      | XOM: cast spell 'Confusing Touch'
  9000 | D:6      | XOM: cast spell 'Metabolic Englaciation'
  9026 | D:6      | XOM: butterfly on damage
  9032 | D:6      | XOM: polymorph butterfly -> gnoll
  9052 | D:6      | XOM: confuse monster(s)
  9108 | D:6      | Reached skill level 11 in Dodging
  9266 | D:6      | XOM: give mutation
  9266 | D:6      | Gained mutation: You have a pair of small horns on your head. [Xom's grace]
  9474 | D:6      | XOM: smoke on damage
  9482 | D:6      | XOM: summons friendly iron imp
  9540 | D:6      | XOM: enchant monster (good)
  9560 | D:6      | XOM: divination: detect creatures
  9661 | D:6      | XOM: silly message
  9772 | D:7      | Reached skill level 12 in Dodging
  9800 | D:7      | Reached XP level 8. HP: 27/38 MP: 13/13
 10234 | D:6      | XOM: colour smoke trail
 10477 | D:5      | XOM: summons 2 friendly demons
 10497 | D:5      | HP: 1/38 [orc wizard/puff of frost (11)]
 10497 | D:5      | XOM: butterfly on damage
 10499 | D:5      | Killed from afar by an orc wizard

Action                   |  1- 3 |  4- 6 |  7- 9 || total
-------------------------+-------+-------+-------++-------
Melee: Unarmed           |   175 |   439 |   165 ||   779
Evoke: Lamp of fire      |       |     3 |     1 ||     4
  Use: Scroll            |     5 |     7 |     1 ||    13
       Potion            |       |     5 |     5 ||    10
 Stab: Sleeping          |     4 |     4 |     1 ||     9
       Distracted        |       |     1 |     2 ||     3
  Eat: Chunk             |    11 |    20 |     5 ||    36
